[Event "Tuesday Night Engine Tour 11rd Swiss 3m+2s Starts at 2200hrs ST"]
[Site "Infinity Chess"]
[Date "2018.4.10"]
[Round "1"]
[White "Victorious"]
[Black "RonWeasley"]
[Result "1/2-1/2"]
[ECO "C12"]
[WhiteElo "2572"]
[BlackElo "2517"]
[WhiteEngine "Cfish_x64_060418_LTO_popcnt"]
[BlackEngine "BrainFish 090218_CTG"]
[EventType "Swiss"]
[WhiteTeam ""]
[BlackTeam ""]
[PlyCount "49"]
[TimeControl "180+2"]

1. e4 e6 2. d4 d5 3. Nc3 Nf6 4. Bg5 Bb4 5. e5 h6 6. Bd2 Bxc3 7. bxc3 Ne4 
8. Qg4 Kf8 9. Bd3 Nxd2 10. Kxd2 c5 11. Nf3 c4 12. Be2 b5 13. a3 Nc6 14. Qf4 a5 
15. h4 Bd7 16. h5 b4 17. axb4 axb4 18. Rhb1 Rxa1 19. Rxa1 bxc3+ 20. Kxc3 Qb6 
21. Kd2 Ke7 22. Qh4+ Kf8 23. Qf4 Ke7 24. Qh4+ Kf8 25. Qf4 1/2-1/2

[Event "Tuesday Night Engine Tour 7 Rd Swiss 12m+1s Starts at 2200hrs"]
[Site "Infinity Chess"]
[Date "2018.4.4"]
[Round "7"]
[White "THE_MACHINE"]
[Black "RonWeasley"]
[Result "1/2-1/2 "]
[ECO "C11"]
[WhiteElo "2495"]
[BlackElo "2443"]
[WhiteEngine "BrainFish_180401_x64_bmi2"]
[BlackEngine "BrainFish 010418 WM_CTG"]
[EventType "Swiss"]
[WhiteTeam ""]
[BlackTeam ""]
[PlyCount "103"]
[TimeControl "720+1"]

1. e4 e6 2. d4 d5 3. Nc3 Nf6 4. e5 Nfd7 5. f4 c5 6. Nf3 Nc6 7. Be3 cxd4 
8. Nxd4 Qb6 9. Qd2 Qxb2 10. Rb1 Qa3 11. Bb5 Nxd4 12. Bxd4 a6 13. Bxd7+ Bxd7 
14. Rb3 Qe7 15. Rxb7 Rc8 16. O-O Qd8 17. f5 exf5 18. Qd3 Bc5 19. Bxc5 Rxc5 
20. Nxd5 Bc8 21. Re7+ Kf8 22. Qa3 Qa5 23. Qxa5 Rxa5 24. Rc7 Be6 25. Nf4 Rxe5 
26. Nxe6+ Rxe6 27. Rxf5 Re7 28. Rc8+ Re8 29. Rc7 Re7 30. Rc8+ Re8 31. Rfc5 Ke7 
32. R8c6 g6 33. Kf2 Ra8 34. Rc7+ Kf6 35. Rc3 Kg7 36. Rf3 Rhf8 37. Kg3 Rae8 
38. h4 Re2 39. a4 a5 40. Rf4 h6 41. Ra7 Re5 42. c4 g5 43. Rd4 Rc8 44. hxg5 hxg5 
45. Rd5 Rc5 46. Rxe5 Rxe5 47. Kf3 Rc5 48. g3 Rxc4 49. Rxa5 Kg6 50. g4 f6 
51. Ra6 Rc3+ 52. Kf2 1/2-1/2

[Event "Tuesday Night Engine Tour 7 Rd Swiss 12m+1s Starts at 2200hrs"]
[Site "Infinity Chess"]
[Date "2018.4.4"]
[Round "7"]
[White "Victorious"]
[Black "beka"]
[Result "1-0"]
[ECO "C50"]
[WhiteElo "2455"]
[BlackElo "2351"]
[WhiteEngine "CF180327N73vk"]
[BlackEngine "stockfish_18032408_32bit"]
[EventType "Swiss"]
[WhiteTeam ""]
[BlackTeam ""]
[PlyCount "219"]
[TimeControl "720+1"]

1. e4 e5 2. Nf3 Nc6 3. Bc4 Bc5 4. O-O Nf6 5. d3 O-O 6. c3 d6 7. Nbd2 a5 
8. Re1 Ba7 9. Nf1 Be6 10. Bb5 Ne7 11. d4 Ng6 12. Be3 c6 13. Bd3 a4 14. Bc2 b5 
15. h3 h6 16. Ng3 Bb6 17. Qd2 Re8 18. b3 axb3 19. axb3 Qc7 20. Red1 Qb7 
21. c4 Rxa1 22. Rxa1 Ra8 23. Rc1 b4 24. Nf5 Qb8 25. Rd1 Ra2 26. Qc1 Bc7 
27. Re1 Bd7 28. Bb1 Ra1 29. Qb2 Ra3 30. Rd1 Be6 31. Qc2 Ra5 32. Qe2 Ra3 
33. Qb2 Ra8 34. Re1 Ra5 35. Bc1 c5 36. d5 Bd7 37. Nh2 Ra3 38. g3 Bd8 39. Qe2 Ra1 
40. Bb2 Ra6 41. Rf1 Ne8 42. Ng4 h5 43. Nh2 h4 44. Nf3 Qc7 45. Kg2 Qc8 
46. Kh2 Bf6 47. Bc1 Qd8 48. Rg1 hxg3+ 49. fxg3 Be7 50. h4 Nf6 51. Ng5 Ra1 
52. Bb2 Ra6 53. Nh3 Nh7 54. Bc1 Bf6 55. Nf2 Ne7 56. Kg2 Bc8 57. Rh1 Ra1 
58. Be3 Ra3 59. Qd1 Ra7 60. Qf3 Ra3 61. Bd2 Ra1 62. Be3 Qd7 63. g4 Ng6 
64. Kg3 Be7 65. g5 Bd8 66. Kh2 Qc7 67. Nh3 Ra3 68. Bc1 Bxf5 69. exf5 Nxh4 
70. Qg3 Ra1 71. Be4 Nxf5 72. Bxf5 g6 73. Bc2 Qa7 74. Kg2 Qe7 75. Qh4 Rxc1 
76. Rxc1 Nxg5 77. Nxg5 Qxg5+ 78. Qxg5 Bxg5 79. Rg1 Be7 80. Kh3 Kg7 81. Bf5 Kh6 
82. Bd7 f5 83. Ra1 e4 84. Ra8 Kg7 85. Ra7 Kf7 86. Be6+ Kf8 87. Kg3 Bg5 
88. Rf7+ Ke8 89. Rg7 Bf6 90. Rxg6 Be5+ 91. Kf2 e3+ 92. Kxe3 f4+ 93. Kf3 Kd8 
94. Bg4 Kc7 95. Re6 Ba1 96. Re7+ Kb8 97. Kxf4 Bb2 98. Rd7 Bc1+ 99. Kf5 Be3 
100. Bf3 Bg1 101. Rxd6 Kb7 102. Rc6 Bf2 103. d6 Bh4 104. Ke6 Be1 105. Kd5 Ka7 
106. d7 Bh4 107. Kxc5 Be1 108. Kb5 Bd2 109. d8=Q Bc1 110. Ra6# 1-0

[Event "Tuesday Night Engine Tour 7 Rd Swiss 12m+1s Starts at 2200hrs"]
[Site "Infinity Chess"]
[Date "2018.4.4"]
[Round "7"]
[White "ivrdurant"]
[Black "MrScience"]
[Result "1/2-1/2"]
[ECO "C50"]
[WhiteElo "2472"]
[BlackElo "2446"]
[WhiteEngine "Raubfisch ME262_GTZ16d4"]
[BlackEngine "cfish"]
[EventType "Swiss"]
[WhiteTeam ""]
[BlackTeam ""]
[PlyCount "53"]
[TimeControl "720+1"]

1. e4 e5 2. Nf3 Nc6 3. Bc4 Bc5 4. O-O Nf6 5. d3 d6 6. c3 O-O 7. h3 a5 8. Bg5 h6 
9. Bh4 g5 10. Bg3 Nh5 11. d4 exd4 12. cxd4 Bb6 13. Nc3 Nxg3 14. fxg3 g4 
15. hxg4 Bxg4 16. Qd2 Bxf3 17. gxf3 Qg5 18. Qxg5+ hxg5 19. Kg2 Bxd4 20. Nd5 Rfc8 
21. Rad1 Bxb2 22. Rh1 Kg7 23. Rh5 Kg6 24. Rh3 Kg7 25. Rh5 Kg6 26. Rh3 Kg7 
27. Rh5 1/2-1/2

[Event "Tuesday Night Engine Tour 7 Rd Swiss 12m+1s Starts at 2200hrs"]
[Site "Infinity Chess"]
[Date "2018.4.4"]
[Round "7"]
[White "ocirema"]
[Black "MGR"]
[Result "1/2-1/2"]
[ECO "C50"]
[WhiteElo "2405"]
[BlackElo "2461"]
[WhiteEngine "asmFishW_2018-04-01_popcnt_CTG"]
[BlackEngine "asmFishW_2018-04-02_bmi2"]
[EventType "Swiss"]
[WhiteTeam ""]
[BlackTeam ""]
[PlyCount "192"]
[TimeControl "720+1"]

1. e4 e5 2. Nf3 Nc6 3. Bc4 Bc5 4. O-O Nf6 5. d3 d6 6. c3 O-O 7. Nbd2 a5 8. h3 h6 
9. Re1 Bb6 10. a4 Be6 11. Bxe6 fxe6 12. Nc4 Bc5 13. Be3 Bxe3 14. Rxe3 Nd7 
15. Qc2 Qf6 16. Rf1 Nc5 17. Rc1 Qg6 18. Rb1 Rf4 19. Ncd2 Qf7 20. Nh2 Kh7 
21. Rg3 Qe7 22. Rf3 g5 23. Ndf1 Qf7 24. Ng3 Rg8 25. Re3 h5 26. Rd1 Qg6 
27. Rb1 Kh6 28. Qd1 Rf7 29. b4 Nd7 30. b5 Ne7 31. Ra1 Nf6 32. Qb3 Nd7 
33. Qc4 Rc8 34. d4 Nb6 35. Qd3 Nd7 36. Qd2 Kh7 37. Qe2 Rcf8 38. Nxh5 Rxf2 
39. Qd1 Ng8 40. Ng3 R2f4 41. Qb3 R8f7 42. Qc4 Nb6 43. Qe2 Nd7 44. Qh5+ Qxh5 
45. Nxh5 Rh4 46. Ng3 Rh6 47. Nh1 Ngf6 48. Nf2 Rg6 49. Nhg4 Nxg4 50. Nxg4 Rgg7 
51. Rb1 b6 52. Rd1 Kg6 53. g3 Rg8 54. Red3 Rh8 55. Kg2 Rfh7 56. Rh1 Rf7 
57. Rc1 Rfh7 58. Rh1 Rf8 59. Rhd1 Rfh8 60. Nf2 Rf7 61. R3d2 Rhf8 62. Nd3 Nf6 
63. Nf2 Nd7 64. Nd3 Nf6 65. Re2 Nd7 66. Rc1 g4 67. hxg4 Rh7 68. dxe5 Nxe5 
69. Nxe5+ dxe5 70. Rd1 Rfh8 71. Kf3 Rf7+ 72. Kg2 Kg5 73. Red2 Rfh7 74. Rd8 Rh2+ 
75. Kf3 Rxd8 76. Rxd8 Rc2 77. Rg8+ Kh6 78. g5+ Kh5 79. g4+ Kh4 80. g6 Rxc3+ 
81. Kf2 Kg5 82. g7 Kf6 83. g5+ Kf7 84. Re8 Kxg7 85. Rxe6 Ra3 86. Rxe5 Kg6 
87. Re7 Rxa4 88. Rxc7 Rxe4 89. Rc6+ Kf5 90. g6 Rg4 91. Rxb6 a4 92. g7 Rxg7 
93. Ra6 Rg4 94. b6 Rb4 95. b7 Rxb7 96. Ke3 Rb3+ 1/2-1/2

[Event "Tuesday Night Engine Tour 7 Rd Swiss 12m+1s Starts at 2200hrs"]
[Site "Infinity Chess"]
[Date "2018.4.4"]
[Round "7"]
[White "KRAKEN"]
[Black "CoffeeOne"]
[Result "1/2-1/2"]
[ECO "D12"]
[WhiteElo "2467"]
[BlackElo "2477"]
[WhiteEngine "Raubfisch X38_CTG"]
[BlackEngine "Houdini 6"]
[EventType "Swiss"]
[WhiteTeam ""]
[BlackTeam ""]
[PlyCount "131"]
[TimeControl "720+1"]

1. d4 d5 2. c4 c6 3. Nf3 Nf6 4. e3 Bf5 5. Nc3 e6 6. Nh4 Be4 7. f3 Bg6 8. g3 Be7 
9. a3 O-O 10. Nxg6 hxg6 11. c5 Nbd7 12. b4 a5 13. Rb1 axb4 14. axb4 g5 
15. Bh3 b6 16. Qc2 Re8 17. O-O e5 18. Rb3 Qc7 19. Rb1 g6 20. Na4 exd4 
21. exd4 b5 22. Nb2 Nh5 23. Nd3 Bf6 24. Bb2 Nf8 25. Bg4 Ng7 26. Ne5 Bxe5 
27. dxe5 Ra4 28. Bc3 Nfe6 29. f4 gxf4 30. gxf4 Ra3 31. Kh1 Qe7 32. Bb2 Ra4 
33. Bc3 Qh4 34. Qg2 Ra3 35. Be1 Qh7 36. f5 Nd4 37. fxg6 Qxg6 38. Rd1 Nc2 
39. Bd2 Rxe5 40. Rg1 f5 41. Bxf5 Qxg2+ 42. Rxg2 Rxf5 43. Rdg1 Rf7 44. Bh6 Ra1 
45. Rxc2 Rxg1+ 46. Kxg1 Rf6 47. Bxg7 Kxg7 48. Rg2+ Kh6 49. Rg8 Rf4 50. Rh8+ Kg5 
51. Rg8+ Kf5 52. Rf8+ Ke4 53. Rxf4+ Kxf4 54. Kf2 Kf5 55. Kf3 Kf6 56. h4 Kf5 
57. Kg3 Kg6 58. Kg4 Kh6 59. h5 d4 60. Kf3 Kxh5 61. Ke4 Kg4 62. Kd3 Kf3 
63. Kxd4 Kf4 64. Kd3 Kf3 65. Kd4 Kf4 66. Kd3 1/2-1/2

[Event "Tuesday Night Engine Tour 7 Rd Swiss 12m+1s Starts at 2200hrs"]
[Site "Infinity Chess"]
[Date "2018.4.4"]
[Round "7"]
[White "MCDermont"]
[Black "star99"]
[Result "1-0"]
[ECO "D12"]
[WhiteElo "2503"]
[BlackElo "2424"]
[WhiteEngine "BrainFish 010418 WM_CTG"]
[BlackEngine "Cryptic Heroes 9.2B"]
[EventType "Swiss"]
[WhiteTeam ""]
[BlackTeam ""]
[PlyCount "247"]
[TimeControl "720+1"]

1. d4 d5 2. c4 c6 3. Nf3 Nf6 4. e3 Bf5 5. Nc3 e6 6. Nh4 Be4 7. f3 Bg6 
8. Nxg6 hxg6 9. Qb3 Qc7 10. Bd2 a6 11. c5 Nbd7 12. O-O-O b6 13. cxb6 Nxb6 
14. Kb1 Be7 15. h4 a5 16. Qc2 Qb7 17. e4 Nfd7 18. g4 a4 19. Bc1 a3 20. b3 Nc4 
21. f4 Rc8 22. Rh3 Nb2 23. Rd2 Kd8 24. f5 Rxh4 25. Rdh2 Rxh3 26. Rxh3 gxf5 
27. gxf5 Qb4 28. fxe6 fxe6 29. Rh8+ Nf8 30. Bh3 Qxd4 31. Bxe6 Rc7 32. exd5 g6 
33. d6 Qxd6 34. Qxg6 Rb7 35. Bf5 Qe5 36. Rg8 Nc4 37. Qe6 Qxe6 38. Bxe6 Nd6 
39. Bh6 Ke8 40. Bg4 Kf7 41. Rg7+ Kf6 42. Bf3 Ne6 43. Rg1 Nb5 44. Nxb5 Rxb5 
45. Bxc6 Rf5 46. Bd2 Bc5 47. Re1 Nd4 48. Bc3 Kf7 49. Be4 Nb5 50. Ba1 Rf2 
51. Bd3 Bb4 52. Bc4+ Kf8 53. Rc1 Rf5 54. Kc2 Ke7 55. Bxb5 Rxb5 56. Bc3 Bxc3 
57. Kxc3 Rc5+ 58. Kd2 Rh5 59. Kd3 Rh8 60. Rc7+ Kd6 61. Ra7 Kc5 62. Rxa3 Rh3+ 
63. Kc2 Rh2+ 64. Kc1 Rh1+ 65. Kd2 Rh2+ 66. Ke3 Kb4 67. Ra4+ Kc3 68. Rc4+ Kb2 
69. Ra4 Rh3+ 70. Kf2 Rh5 71. Ke3 Kc3 72. Ra8 Rh3+ 73. Ke4 Kb4 74. Ra4+ Kc3 
75. Ra8 Kb4 76. Kf5 Rh5+ 77. Kg6 Rh3 78. Ra4+ Kc5 79. Rc4+ Kb5 80. a4+ Ka6 
81. Rb4 Rh1 82. Kf5 Rh5+ 83. Ke6 Ka5 84. Rb8 Ka6 85. Kd6 Rg5 86. Kc6 Rg6+ 
87. Kc5 Rg2 88. Ra8+ Kb7 89. Rd8 Ka6 90. Ra8+ Kb7 91. Rd8 Ka6 92. a5 Rg7 
93. b4 Rc7+ 94. Kd6 Rc1 95. Rb8 Ka7 96. Rb6 Ra1 97. Kc5 Rb1 98. Rd6 Rc1+ 
99. Kb5 Rc7 100. a6 Rg7 101. Ka5 Rg5+ 102. b5 Rf5 103. Rd7+ Kb8 104. Kb6 Rf6+ 
105. Kc5 Rf1 106. Rb7+ Ka8 107. Re7 Rf5+ 108. Kc6 Rf6+ 109. Kd5 Kb8 110. Re6 Rf1 
111. b6 Rd1+ 112. Kc4 Rc1+ 113. Kb3 Kc8 114. a7 Kd7 115. Rg6 Rb1+ 116. Kc2 Ra1 
117. b7 Ra2+ 118. Kb3 Ra1 119. b8=Q Rb1+ 120. Kc3 Rc1+ 121. Kb2 Rc2+ 
122. Kxc2 Ke7 123. a8=Q Kf7 124. Qe8# 1-0

[Event "Tuesday Night Engine Tour 7 Rd Swiss 12m+1s Starts at 2200hrs"]
[Site "Infinity Chess"]
[Date "2018.4.4"]
[Round "6"]
[White "beka"]
[Black "ocirema"]
[Result "1/2-1/2"]
[ECO "A05"]
[WhiteElo "2349"]
[BlackElo "2407"]
[WhiteEngine "stockfish_18032408_32bit"]
[BlackEngine "asmFishW_2018-04-01_popcnt_CTG"]
[EventType "Swiss"]
[WhiteTeam ""]
[BlackTeam ""]
[PlyCount "60"]
[TimeControl "720+1"]

1. Nf3 Nf6 2. d4 d5 3. c4 e6 4. Nc3 c6 5. e3 Nbd7 6. Bd3 dxc4 7. Bxc4 b5 
8. Bd3 Bb7 9. a3 Bd6 10. O-O O-O 11. Qc2 a5 12. e4 e5 13. dxe5 Nxe5 
14. Nxe5 Bxe5 15. h3 Ba6 16. Rd1 Qe7 17. Be3 b4 18. Na4 Bxd3 19. Rxd3 Nxe4 
20. Re1 Rae8 21. Qxc6 Qh4 22. axb4 axb4 23. Qb5 Re6 24. Qxb4 Bf4 25. Nc5 Bxe3 
26. Nxe6 Bxf2+ 27. Kh2 Bg3+ 28. Kg1 Bf2+ 29. Kh2 Bg3+ 30. Kg1 Bf2+ 1/2-1/2

[Event "Tuesday Night Engine Tour 7 Rd Swiss 12m+1s Starts at 2200hrs"]
[Site "Infinity Chess"]
[Date "2018.4.4"]
[Round "6"]
[White "KRAKEN"]
[Black "THE_MACHINE"]
[Result "1/2-1/2"]
[ECO "D31"]
[WhiteElo "2466"]
[BlackElo "2496"]
[WhiteEngine "Raubfisch X38_CTG"]
[BlackEngine "BrainFish_180401_x64_bmi2"]
[EventType "Swiss"]
[WhiteTeam ""]
[BlackTeam ""]
[PlyCount "117"]
[TimeControl "720+1"]

1. d4 d5 2. c4 e6 3. Nc3 c6 4. e3 Nf6 5. Nf3 Nbd7 6. Bd3 dxc4 7. Bxc4 b5 
8. Be2 Bb7 9. O-O Be7 10. a3 a5 11. b3 O-O 12. Bb2 b4 13. Na4 c5 14. dxc5 Nxc5 
15. Nxc5 Bxc5 16. Ne5 Qe7 17. axb4 Bxb4 18. Bd3 Ne4 19. Nc4 Rfd8 20. Qe2 h6 
21. Rfc1 Nc5 22. Bc2 Ne4 23. Bd3 Qg5 24. f3 Nc5 25. Bc2 Ba6 26. f4 Qe7 
27. Rd1 Rac8 28. Qg4 f5 29. Qg6 Bxc4 30. bxc4 Nd7 31. h3 Nf8 32. Qg3 Rxd1+ 
33. Rxd1 Rxc4 34. Bb3 Rc8 35. e4 Kh7 36. Kh1 Ng6 37. Qf3 Rf8 38. g3 Rb8 
39. Bc2 Qc5 40. Bb1 Qc6 41. Qg2 Be7 42. Ba1 Qb5 43. Qc2 Rf8 44. h4 Bf6 
45. h5 Bxa1 46. hxg6+ Kxg6 47. Ba2 Qb2 48. exf5+ exf5 49. Qc5 Qxa2 50. Qxf8 h5 
51. g4 fxg4 52. Qe8+ Kh6 53. Qh8+ Kg6 54. Qd8 Bf6 55. Qe8+ Kh6 56. Qh8+ Kg6 
57. Qe8+ Kh6 58. Qh8+ Kg6 59. Qe8+ 1/2-1/2

[Event "Tuesday Night Engine Tour 7 Rd Swiss 12m+1s Starts at 2200hrs"]
[Site "Infinity Chess"]
[Date "2018.4.4"]
[Round "6"]
[White "RonWeasley"]
[Black "Victorious"]
[Result "1/2-1/2"]
[ECO "D30"]
[WhiteElo "2442"]
[BlackElo "2456"]
[WhiteEngine "BrainFish 010418 WM_CTG"]
[BlackEngine "CF180327N73vk"]
[EventType "Swiss"]
[WhiteTeam ""]
[BlackTeam ""]
[PlyCount "91"]
[TimeControl "720+1"]

1. d4 d5 2. c4 e6 3. Nf3 Nf6 4. Nc3 dxc4 5. e4 Bb4 6. Bg5 c5 7. Bxc4 cxd4 
8. Nxd4 Bxc3+ 9. bxc3 Qa5 10. Bb5+ Bd7 11. Bxf6 gxf6 12. Bxd7+ Nxd7 13. O-O a6 
14. Rb1 Qc7 15. Qh5 Nc5 16. Rb4 Qe5 17. Qh4 Rd8 18. Rfb1 h5 19. h3 Rg8 
20. a4 Nd3 21. Nf3 Qf4 22. Qxf4 Nxf4 23. g3 Nxh3+ 24. Kg2 Ng5 25. Nxg5 Rxg5 
26. Rxb7 Rd7 27. f3 Ra5 28. Rxd7 Kxd7 29. Rb7+ Ke8 30. Rb8+ Kd7 31. Rb7+ Ke8 
32. Rb4 Kd7 33. Kh3 f5 34. exf5 Rxf5 35. Rf4 Rxf4 36. gxf4 Kd6 37. Kh4 Kd5 
38. Kxh5 Kc4 39. Kg5 Kxc3 40. Kf6 Kd2 41. f5 exf5 42. f4 a5 43. Kxf5 Ke3 
44. Kf6 Kd3 45. f5 Ke4 46. Kxf7 1/2-1/2

[Event "Tuesday Night Engine Tour 7 Rd Swiss 12m+1s Starts at 2200hrs"]
[Site "Infinity Chess"]
[Date "2018.4.4"]
[Round "6"]
[White "MGR"]
[Black "star99"]
[Result "1/2-1/2"]
[ECO "B23"]
[WhiteElo "2463"]
[BlackElo "2422"]
[WhiteEngine "asmFishW_2018-04-02_bmi2"]
[BlackEngine "Cryptic Heroes 9.2B"]
[EventType "Swiss"]
[WhiteTeam ""]
[BlackTeam ""]
[PlyCount "243"]
[TimeControl "720+1"]

1. e4 c5 2. Nc3 Nc6 3. Nf3 g6 4. d4 cxd4 5. Nxd4 Bg7 6. Be3 Nf6 7. Bc4 O-O 
8. Bb3 b6 9. f3 Bb7 10. Qd2 Qc7 11. O-O-O Rfd8 12. h4 d5 13. Nxc6 Bxc6 
14. exd5 Nxd5 15. Bxd5 Rac8 16. Bf4 Bxc3 17. Qe3 e5 18. Qxc3 Rxd5 19. Rxd5 Bxd5 
20. Qxc7 Rxc7 21. Bxe5 Rd7 22. b3 b5 23. Re1 Kf8 24. Re3 Ke8 25. Bf6+ Be6 
26. Rc3 Rd6 27. Rc7 Bd7 28. Bg5 a6 29. Ra7 Bf5 30. g4 Be6 31. Bf4 Rc6 
32. Be5 Bd5 33. f4 b4 34. Kb2 f6 35. Bd4 h5 36. gxh5 gxh5 37. c4 bxc3+ 
38. Bxc3 Be4 39. Bd4 Bd3 40. a4 Be2 41. Rh7 Bd1 42. a5 Rd6 43. Bc3 Be2 
44. Ka3 Re6 45. Kb2 Rd6 46. Ka3 Re6 47. Rb7 Bd3 48. Rb6 Ke7 49. Bd4 Be4 
50. Kb4 Rc6 51. Rxc6 Bxc6 52. Kc5 Bb5 53. f5 Be2 54. b4 Bd3 55. Kb6 Bf1 
56. Bc5+ Kd7 57. Bd4 Ke7 58. Bc5+ Ke8 59. Kb7 Kd7 60. Bd4 Ke7 61. Bb2 Bd3 
62. Bd4 Kf7 63. Bb2 Ke7 64. Bd4 Be2 65. Bc5+ Kd7 66. Kb6 Bd3 67. Bd4 Ke7 
68. Bc3 Bc4 69. Bd2 Bd3 70. Bf4 Kd7 71. Bh2 Ke7 72. Bc7 Kd7 73. Bh2 Ke7 
74. Bg1 Kf7 75. Be3 Ke7 76. Bf4 Kd7 77. Be3 Ke8 78. Bd4 Ke7 79. Bc3 Bb5 
80. Bb2 Be2 81. Ba3 Kd7 82. Ka7 Bd3 83. Kb7 Ke8 84. Ka7 Kd7 85. Kb7 Ke8 
86. Kb6 Kd7 87. Ka7 Be2 88. Kb7 Bb5 89. Bb2 Ke7 90. Bd4 Bd3 91. Ka7 Bb5 
92. Be3 Kd6 93. Bd4 Ke7 94. Bf2 Kd6 95. Kb6 Ke5 96. Kc5 Kxf5 97. Bd4 Ke6 
98. Ba1 Ba4 99. Bc3 Bb5 100. Bd2 Be8 101. Be1 Bb5 102. Bd2 Ba4 103. Bc3 Bd7 
104. Kb6 Bb5 105. Kc5 Be2 106. Kd4 Bb5 107. Ke4 Bc6+ 108. Ke3 Bb5 109. Ke4 Bc6+ 
110. Ke3 Kf5 111. Bd4 Ke6 112. Kf4 Bd5 113. Ba1 Bc4 114. Ke3 Bb5 115. Kf4 Bc6 
116. Ke3 Bd5 117. Kd3 Bc6 118. Bb2 Bb5+ 119. Ke3 Bc6 120. Kf4 Bd5 121. Bc3 Bc6 
122. Ke3 1/2-1/2

[Event "Tuesday Night Engine Tour 7 Rd Swiss 12m+1s Starts at 2200hrs"]
[Site "Infinity Chess"]
[Date "2018.4.4"]
[Round "6"]
[White "CoffeeOne"]
[Black "ivrdurant"]
[Result "1/2-1/2"]
[ECO "C77"]
[WhiteElo "2477"]
[BlackElo "2472"]
[WhiteEngine "Houdini 6"]
[BlackEngine "Raubfisch ME262_GTZ16d4"]
[EventType "Swiss"]
[WhiteTeam ""]
[BlackTeam ""]
[PlyCount "202"]
[TimeControl "720+1"]

1. e4 e5 2. Nf3 Nc6 3. Bb5 a6 4. Ba4 Nf6 5. O-O Be7 6. Re1 b5 7. Bb3 O-O 
8. c3 d5 9. exd5 Nxd5 10. Nxe5 Nxe5 11. Rxe5 c6 12. Re1 Bd6 13. d3 Bf5 
14. Qf3 Qh4 15. g3 Qh3 16. Be3 Bxd3 17. Nd2 Qf5 18. a4 b4 19. Bd4 bxc3 
20. Qxf5 Bxf5 21. bxc3 a5 22. Nc4 Rfd8 23. Nxd6 Rxd6 24. Re5 Be6 25. Bc4 h6 
26. Bf1 Nf6 27. Rb1 Nd7 28. Ree1 Ba2 29. Rb2 Bd5 30. Bg2 Rd8 31. Reb1 Be6 
32. h3 Bd5 33. Kh2 Bxg2 34. Kxg2 Rd5 35. Be3 Ne5 36. Bd4 Nd7 37. Ba7 Nf6 
38. Bb6 Rc8 39. Bd4 Ne4 40. Rb8 Rcd8 41. f3 Ng5 42. Be3 Rd1 43. h4 Ne6 
44. Rxd8+ Rxd8 45. Kf2 Rd3 46. Rb3 Rd1 47. f4 Ra1 48. f5 Nc7 49. Rb6 Nd5 
50. Rxc6 Rxa4 51. Bd4 Ra1 52. Rd6 Nf6 53. Ra6 Ne4+ 54. Kf3 Nd2+ 55. Ke3 Nb3 
56. Ra8+ Kh7 57. Ra7 Kg8 58. Ke4 Nxd4 59. cxd4 a4 60. g4 f6 61. Ra8+ Kf7 
62. Kd5 a3 63. Kd6 a2 64. d5 g5 65. h5 Kg7 66. Ra4 Kf7 67. Ra7+ Kg8 68. Kd7 Kf7 
69. d6 Kg8 70. Ra6 Kg7 71. Ra4 Kg8 72. Ra7 Kf8 73. Kd8 Rd1 74. Rxa2 Rxd6+ 
75. Kc7 Rd4 76. Kc6 Rd1 77. Ra6 Kf7 78. Ra8 Kg7 79. Rb8 Kf7 80. Rb4 Rc1+ 
81. Kd5 Rd1+ 82. Kc4 Rg1 83. Rb7+ Kf8 84. Kd5 Rxg4 85. Rb8+ Ke7 86. Rb7+ Kf8 
87. Ke6 Rc4 88. Kxf6 Rc6+ 89. Ke5 Rc5+ 90. Ke6 Rc6+ 91. Kd5 Ra6 92. Rd7 g4 
93. Ke5 g3 94. Rd2 Kf7 95. Rd7+ Kg8 96. Rd2 Kg7 97. Kf4 Kf6 98. Kxg3 Kxf5 
99. Rd3 Ke5 100. Re3+ Kd4 101. Rf3 Ke5 1/2-1/2

[Event "Tuesday Night Engine Tour 7 Rd Swiss 12m+1s Starts at 2200hrs"]
[Site "Infinity Chess"]
[Date "2018.4.4"]
[Round "6"]
[White "MrScience"]
[Black "MCDermont"]
[Result "1/2-1/2"]
[ECO "E10"]
[WhiteElo "2444"]
[BlackElo "2505"]
[WhiteEngine "cfish"]
[BlackEngine "BrainFish 010418 WM_CTG"]
[EventType "Swiss"]
[WhiteTeam ""]
[BlackTeam ""]
[PlyCount "74"]
[TimeControl "720+1"]

1. d4 Nf6 2. c4 e6 3. Nf3 d5 4. g3 dxc4 5. Bg2 Bb4+ 6. Bd2 a5 7. Qc2 b6 
8. O-O Bb7 9. Bxb4 axb4 10. Qxc4 Nc6 11. Nbd2 O-O 12. Rfd1 Qd6 13. e3 Rfc8 
14. Qd3 Na5 15. a3 bxa3 16. Rxa3 c5 17. e4 Qe7 18. e5 Nd5 19. dxc5 bxc5 
20. Rda1 Nb4 21. Qb1 Nac6 22. Ne4 Rcb8 23. Neg5 g6 24. Ne4 Rd8 25. Nd6 Nd5 
26. Rxa8 Bxa8 27. Qe4 Nxe5 28. Nxe5 Qxd6 29. Qh4 Rf8 30. Nxf7 Kxf7 31. Qxh7+ Kf6 
32. Ra7 Ne7 33. Bxa8 Rxa8 34. Qh4+ Kf7 35. Qh7+ Kf6 36. Qh4+ Kf7 37. Qh7+ Kf6 
1/2-1/2

[Event "Tuesday Night Engine Tour 7 Rd Swiss 12m+1s Starts at 2200hrs"]
[Site "Infinity Chess"]
[Date "2018.4.3"]
[Round "5"]
[White "THE_MACHINE"]
[Black "ocirema"]
[Result "1-0"]
[ECO "C55"]
[WhiteElo "2483"]
[BlackElo "2420"]
[WhiteEngine "BrainFish_180401_x64_bmi2"]
[BlackEngine "stockfish_18040300_x64_modern_CTG"]
[EventType "Swiss"]
[WhiteTeam ""]
[BlackTeam ""]
[PlyCount "91"]
[TimeControl "720+1"]

1. e4 e5 2. Nf3 Nc6 3. Bc4 Nf6 4. d3 Bc5 5. c3 a5 6. O-O d6 7. Nbd2 O-O 
8. Re1 h6 9. Nf1 Be6 10. Bb5 Ne7 11. h3 Bb6 12. d4 exd4 13. Nxd4 Ng6 14. Ng3 c6 
15. Bd3 Bd7 16. Bc2 Re8 17. f4 Nh4 18. Be3 a4 19. Bf2 Ra5 20. Nf1 Ng6 
21. Qf3 Rh5 22. Re3 Nh4 23. Qe2 Ng6 24. f5 Ne5 25. Nd2 Qb8 26. Re1 Rg5 
27. a3 Ba7 28. Bh4 b5 29. Kh1 Bc5 30. Bb1 Bb6 31. g4 Qa7 32. Rd1 Bc8 
33. N2f3 Nc4 34. Nxg5 hxg5 35. Bxg5 Qe7 36. Rf3 d5 37. Rf2 dxe4 38. Rg2 Bd7 
39. Ba2 e3 40. Bxc4 bxc4 41. Qf3 Bxd4 42. cxd4 c5 43. d5 c3 44. bxc3 e2 
45. Re1 Qe4 46. Qg3 1-0

[Event "Tuesday Night Engine Tour 7 Rd Swiss 12m+1s Starts at 2200hrs"]
[Site "Infinity Chess"]
[Date "2018.4.3"]
[Round "5"]
[White "star99"]
[Black "beka"]
[Result "1-0"]
[ECO "C24"]
[WhiteElo "2408"]
[BlackElo "2363"]
[WhiteEngine "Cryptic Heroes 9.2B"]
[BlackEngine "stockfish_18032408_32bit"]
[EventType "Swiss"]
[WhiteTeam ""]
[BlackTeam ""]
[PlyCount "195"]
[TimeControl "720+1"]

1. e4 e5 2. Bc4 Nf6 3. d3 Nc6 4. Nf3 Bc5 5. O-O d6 6. Nc3 a5 7. Bg5 Bg4 
8. Nb5 Bb6 9. h3 Bh5 10. g4 Bg6 11. Be3 Bxe3 12. fxe3 O-O 13. Nc3 h6 14. Qd2 Ne7 
15. a4 c6 16. Bb3 Qd7 17. Nh4 Kh7 18. Qg2 b5 19. Rae1 b4 20. Nb1 d5 21. Nd2 Qd6 
22. Re2 Nd7 23. Ref2 Nc5 24. g5 Bh5 25. Qg3 Rae8 26. exd5 cxd5 27. d4 Nd7 
28. e4 f6 29. g6+ Kh8 30. exd5 Qb6 31. Ne4 Qxd4 32. d6 Nd5 33. Bxd5 Qxd5 
34. Qg2 b3 35. Nf5 Nc5 36. Nxc5 Qxc5 37. Qb7 Rg8 38. Nxh6 Bxg6 39. Nxg8 Rxg8 
40. Qc7 Qxc7 41. dxc7 Rc8 42. cxb3 Rxc7 43. b4 Rc4 44. bxa5 Rxa4 45. b4 Rxb4 
46. Ra1 Rb7 47. a6 Ra7 48. Rd2 Kh7 49. Rd6 Kh6 50. Kf2 Be4 51. Re1 Bg6 
52. Ke3 Bf5 53. Ra1 Kh7 54. Rb6 Bc8 55. Ke4 Kg6 56. Ra3 Kg5 57. Kd5 Kf4 
58. Rc6 Bd7 59. Rc4+ Kf5 60. Rg4 g5 61. Rb4 Be6+ 62. Kc5 Rc7+ 63. Kd6 Rd7+ 
64. Kc6 Rd2 65. a7 Bd5+ 66. Kd6 Ba8+ 67. Ke7 Rc2 68. Rb8 Bg2 69. a8=Q Bxa8 
70. Rbxa8 Rc7+ 71. Kd6 Rc4 72. Rf8 e4 73. Ra5+ Kg6 74. Kd5 Rb4 75. Ra6 Rb5+ 
76. Ke6 e3 77. Rxf6+ Kh5 78. Ra8 Kh4 79. Rf3 Rb6+ 80. Kd5 Kh5 81. Rxe3 Rb5+ 
82. Kd6 Rb7 83. Ke6 g4 84. Kf6 Rb6+ 85. Re6 Rxe6+ 86. Kxe6 gxh3 87. Kf5 Kh4 
88. Kf4 Kh5 89. Rh8+ Kg6 90. Rxh3 Kf6 91. Re3 Kg6 92. Re6+ Kh7 93. Kf5 Kg7 
94. Re7+ Kf8 95. Kf6 Kg8 96. Re8+ Kh7 97. Rd8 Kh6 98. Rh8# 1-0

[Event "Tuesday Night Engine Tour 7 Rd Swiss 12m+1s Starts at 2200hrs"]
[Site "Infinity Chess"]
[Date "2018.4.3"]
[Round "5"]
[White "RonWeasley"]
[Black "KRAKEN"]
[Result "1/2-1/2"]
[ECO "D30"]
[WhiteElo "2441"]
[BlackElo "2467"]
[WhiteEngine "BrainFish 010418 WM_CTG"]
[BlackEngine "Raubfisch X38_CTG"]
[EventType "Swiss"]
[WhiteTeam ""]
[BlackTeam ""]
[PlyCount "117"]
[TimeControl "720+1"]

1. d4 d5 2. c4 e6 3. Nf3 Nf6 4. Nc3 c6 5. Bg5 h6 6. Bxf6 Qxf6 7. e3 Nd7 
8. Be2 g6 9. O-O Bg7 10. e4 dxe4 11. Nxe4 Qf4 12. Qc2 f5 13. Ned2 c5 14. g3 Qc7 
15. Nh4 Bxd4 16. Nxg6 Rg8 17. Nh4 Nf6 18. Ndf3 Rxg3+ 19. hxg3 Qxg3+ 20. Ng2 Ng4 
21. Qd2 Bxf2+ 22. Rxf2 Qxf2+ 23. Kh1 Bd7 24. Ne5 O-O-O 25. Nxg4 fxg4 26. Rd1 h5 
27. b3 b6 28. Qd3 Qf5 29. Kg1 Qxd3 30. Rxd3 Be8 31. Kf2 Rxd3 32. Bxd3 Kd8 
33. Kg3 Ke7 34. Nf4 Kf6 35. Kh4 Ke5 36. Ne2 Bf7 37. Bc2 Be8 38. Bb1 a6 
39. Bc2 b5 40. cxb5 Bxb5 41. Ng3 c4 42. bxc4 Bxc4 43. a3 Kd4 44. Bg6 Kc3 
45. a4 Kb4 46. Bxh5 a5 47. Be8 Bb3 48. Nf1 g3 49. Ne3 Bxa4 50. Bg6 g2 
51. Nxg2 Bb5 52. Ne1 a4 53. Nc2+ Kc5 54. Kg3 e5 55. Kf3 a3 56. Nxa3 Bc6+ 
57. Ke3 Kb4 58. Nc2+ Kc5 59. Ne1 1/2-1/2